 Dungeon Crawl Stone Soup version 0.30-a0-159-g068b764562 (webtiles) character file.

Game seed: 879253626293499425

2016 Monkooky the Tainter (level 9, -5/76 HPs)
             Began as a Naga Enchanter on Sept 26, 2022.
             Was a Priest of Lugonu.
             Slain by a yak (12 damage)
             ... on level 7 of the Dungeon on Sept 27, 2022.
             The game lasted 00:19:04 (7695 turns).

Monkooky the Tainter (Naga Enchanter)               Turns: 7695, Time: 00:19:04

Health: -5/76      AC:  4    Str: 11    XL:     9   Next: 22%
Magic:  0/12       EV:  9    Int: 22    God:    Lugonu [***...]
Gold:   69         SH:  0    Dex: 11    Spells: 2/12 levels left

rFire   + . .      SeeInvis +    u - +3 dagger (freeze)
rCold   . . .      Faith    .    (no shield)
rNeg    . . .      Spirit   .    s - +0 leather armour of Card Tricks {rF+ rCorr Int+2}
rPois   +          Reflect  .    (no helmet)
rElec   .          Harm     .    (no cloak)
rCorr   +          Rampage  .    (no gloves)
Will    +....                    (no barding)
Stlth   +++.......               (no amulet)
HPRegen 0.22/turn                (no ring)
MPRegen 0.13/turn                (no ring)

@: very slow
A: AC +3, large, see invisible, deformed body, poison resistance, slowness 2,
spit poison 1, naga tail 1
a: Spit Poison, Renounce Religion, Depart the Abyss, Bend Space, Banish


You were on level 7 of the Dungeon.
You worshipped Lugonu.
Lugonu was most pleased with you.
You visited 1 branch of the dungeon, and saw 7 of its levels.

You collected 309 gold pieces.
You spent 240 gold pieces at shops.

Inventory:

Hand Weapons
 a - a +1 dagger
 u - a +3 dagger of freezing (weapon)
Armour
 b - a +0 robe
 s - the +0 leather armour of Card Tricks (worn) {rF+ rCorr Int+2}
   (You found it on level 4 of the Dungeon)

   Int:       It affects your intelligence (+2).
   rF:        It protects you from fire.
   rCorr:     It protects you from acid and corrosion.
 z - a +1 robe of willpower
Jewellery
 w - a ring of fire
Wands
 l - a wand of flame (26)
 q - a wand of charming (7)
 y - a wand of digging (3)
 B - a wand of roots (10)
Scrolls
 d - 3 scrolls of identify
 e - 2 scrolls of enchant armour {unknown}
 i - 2 scrolls of poison {unknown}
 j - a scroll of summoning
 n - 2 scrolls of immolation {unknown}
 r - a scroll of magic mapping {unknown}
 t - 2 scrolls of torment {unknown}
 x - a scroll of fear {unknown}
Potions
 c - 2 potions of invisibility
 f - 2 potions of mutation {unknown}
 g - 2 potions of might {unknown}
 h - 2 potions of brilliance {unknown}
 k - 3 potions of heal wounds {unknown}
 m - 2 potions of curing
 o - 2 potions of attraction {unknown}
 p - 2 potions of magic {unknown}
 v - a potion of ambrosia {unknown}
 A - a potion of lignification {unknown}


   Skills:
 + Level 3.2 Fighting
 - Level 1.0 Short Blades
 - Level 1.5 Dodging
 - Level 6.4 Stealth
 - Level 2.0 Spellcasting
 - Level 5.2 Hexes
 - Level 3.3 Ice Magic
 - Level 10.1 Poison Magic
 - Level 5.1 Invocations


You had 2 spell levels left.
You knew the following spells:

 Your Spells              Type           Power      Damage    Failure   Level
a - Confusing Touch       Hex            25%        N/A       6%          3
b - Ensorcelled Hibernat  Hex/Ice        42%        N/A       4%          2
c - Olgreb's Toxic Radia  Pois           47%        N/A       2%          4
d - Sting                 Tmut/Pois      96%        1d7       2%          1

Your spell library contained the following spells:

 Spells                   Type           Power      Damage    Failure   Level
 Poisonous Vapours        Pois/Air       48%        N/A       3%          2
 Tukima's Dance           Hex            25%        N/A       6%          3
 Dazzling Flash           Conj/Hex       26%        N/A       19%         3


Dungeon Overview and Level Annotations

Branches:
Dungeon (7/15)
 Temple: D:4-7

Altars:
Nemelex Xobeh
Lugonu

Shops:
D:4 :


Innate Abilities, Weirdness & Mutations

Your serpentine skin is tough. (AC +3)
You have supernaturally acute eyesight. (SInv)
Armour fits poorly on your strangely shaped body.
Your system is resistant to poisons. (rPois)
You cover ground very slowly.
You can spit poison.
You have a snake-like lower body.


Message History

The ogre is poisoned.
The yak is poisoned.
Your toxic aura wanes.
The yak barely misses you.
Unknown command.
You hit the yak but do no damage.
The yak is severely wounded.
Unknown command.
The yak gores you! The yak attacks as you move away! The yak barely misses you.
Space bends violently around you!
You blink.
Casting: Olgreb's Toxic Radiance (dangerous; 2% risk of failure)
Confirm with . or Enter, or press ? or * to list all spells.
You begin to radiate toxic energy.
The yak looks as sick as possible!
The yak looks even sicker.
The ogre looks even sicker.
You kill the yak!
Lugonu accepts your kill.
The yak looks as sick as possible!
The yak gores you but does no damage.
Your Fighting skill gained 2 levels and is now at level 2!
The yak looks even sicker.
The yak gores you!
Unknown command.
The yak attacks as you move away! The yak gores you!
* * * LOW HITPOINT WARNING * * *
The yak attacks as you move away! The yak completely misses you.
The yak looks as sick as possible!
Your toxic aura wanes.
The yak looks more healthy.
The yak gores you.
* * * LOW HITPOINT WARNING * * *
The yak attacks as you move away! The yak gores you!
* * * LOW HITPOINT WARNING * * *
You kill the yak!
Lugonu accepts your kill.
Your Fighting skill increases to level 3!
Unknown command.
Space bends violently around you!
You blink.
Okay, then.
As you read the scroll labelled HIPIMUNILI, it crumbles to dust.
It is a scroll of identify.
j - a scroll of summoning The yak gores you!
You die...

####.<.).......
#..............
#.##...........
#.##...........
#.##)..........
#####.#...#.#..####
##...........##.####
#####..#.....#####......
#....§Y@...### #...... .
#...Y.O..[########......
...#......÷...<............
.#..........##############
.............#
.............#
..........†..#
.....#..#†#### Y
#....#..#..##########....


You could see 2 yaks and an ogre (poisoned).

Vanquished Creatures
  A hornet (D:7)
  4 yaks (D:7)
  A black bear (D:3)
  4 ogres
  2 bullfrogs
  A scorpion (D:6)
  A jelly (D:6)
  3 orc priests
  2 hounds
  Jessica (D:2)
  Terence (D:3)
  3 iguanas
  5 orc wizards
  3 gnolls (D:7)
  9 adders
  A worm (D:2)
  A dart slug (D:1)
  19 orcs
  4 ball pythons
  7 endoplasms
  11 goblins
  4 hobgoblins
  4 jackals (D:4)
  8 kobolds
  2 quokkas (D:1)
  2 bats
  A frilled lizard (D:2)
  9 rats
114 creatures vanquished.

Notes
Turn   | Place    | Note
-------+----------+-------------------------------------------
     0 | D:1      | Monkooky the Naga Enchanter began the quest for the Orb.
     0 | D:1      | Reached XP level 1. HP: 15/15 MP: 3/3
    68 | D:1      | Reached skill level 5 in Stealth
   105 | D:1      | Found a faded altar of an unknown god.
   118 | D:1      | Reached XP level 2. HP: 22/22 MP: 5/5
   123 | D:1      | Prayed at the altar of an unknown god.
   123 | D:1      | Became a worshipper of Lugonu the Unformed
   123 | D:1      | Reached * piety under Lugonu
   123 | D:1      | Reached ** piety under Lugonu
   717 | D:1      | Reached XP level 3. HP: 28/28 MP: 6/6
   731 | D:1      | Learned a level 3 spell: Confusing Touch
   734 | D:1      | Learned a level 2 spell: Ensorcelled Hibernation
  1080 | D:2      | Noticed Jessica
  1091 | D:2      | Killed Jessica
  1188 | D:2      | Reached XP level 4. HP: 36/36 MP: 7/7
  1988 | D:3      | Noticed a black bear
  2010 | D:3      | Noticed Terence
  2018 | D:3      | Killed Terence
  2019 | D:3      | Reached skill level 1 in Ice Magic
  2039 | D:3      | Killed a black bear
  2040 | D:3      | Reached XP level 5. HP: 27/42 MP: 3/8
  2189 | D:3      | Found a sparkling altar of Nemelex Xobeh.
  2577 | D:3      | Reached XP level 6. HP: 27/49 MP: 4/9
  3100 | D:4      | Reached skill level 5 in Hexes
  3370 | D:4      | Identified the +0 leather armour of Card Tricks {rF+ rCorr
                  | Int+2}
  3480 | D:4      | Reached skill level 1 in Invocations
  3767 | D:4      | Reached *** piety under Lugonu
  3845 | D:4      | Found Sompeaf's Book Shop.
  3854 | D:4      | Upgraded the game from 0.30-a0-149-g7f746667c4 to
                  | 0.30-a0-159-g068b764562
  3875 | D:4      | Reached XP level 7. HP: 38/55 MP: 7/10
  4085 | D:5      | Entered Level 5 of the Dungeon
  5514 | D:6      | Reached skill level 5 in Invocations
  5631 | D:4      | Bought a Young Poisoner's Handbook for 240 gold pieces
  5636 | D:4      | Learned a level 4 spell: Olgreb's Toxic Radiance
  5739 | D:6      | Reached skill level 1 in Poison Magic
  5757 | D:6      | Reached skill level 2 in Poison Magic
  5967 | D:6      | Reached skill level 3 in Poison Magic
  6069 | D:6      | Reached skill level 4 in Poison Magic
  6069 | D:6      | Reached XP level 8. HP: 24/62 MP: 3/11
  6303 | D:6      | Reached skill level 5 in Poison Magic
  6463 | D:6      | Reached skill level 6 in Poison Magic
  7349 | D:7      | Reached skill level 7 in Poison Magic
  7358 | D:6      | Learned a level 1 spell: Sting
  7460 | D:7      | Noticed a hornet
  7465 | D:7      | Killed a hornet
  7466 | D:7      | Reached skill level 8 in Poison Magic
  7578 | D:7      | Noticed a yak
  7579 | D:7      | Noticed a yak
  7584 | D:7      | Noticed a yak
  7585 | D:7      | Noticed a yak
  7591 | D:7      | Killed a yak
  7592 | D:7      | Reached skill level 9 in Poison Magic
  7594 | D:7      | Killed a yak
  7595 | D:7      | Reached skill level 10 in Poison Magic
  7595 | D:7      | Reached XP level 9. HP: 68/68 MP: 1/12
  7695 | D:7      | Slain by a yak

Illustrated notes

Levels and vault maps discovered:
D:1:      lemuel_arrival_tunnels, layout_rooms,
          chequers_ecumenical_altar_island, chequers_arboretum,
          minmay_misc_feat_columns, minivault_19
D:2:      layout_rooms, minmay_curled_crystal, grunt_decor_fettered,
          nicolae_concentric_dashed_squares_wild, uniq_jessica
D:3:      layout_loops_ring, nemelex_diamond_rough_becter, uniq_terence
D:4:      layout_basic, serial_shops, nicolae_shop_advertising_works
          [nicolae_subvault_shop_adworks]
D:5:      layout_loops_corners
D:6:      layout_basic
D:7:      layout_rooms, minmay_temple_entry_poolview

Skill      XL: |  1  2  3  4  5  6  7  8  9 |
---------------+----------------------------+-----
Stealth        | 5 6 |  6.4
Hexes          | 4 5 |  5.2
Ice Magic      | 2 3 |  3.3
Invocations    | 2 5 |  5.1
Poison Magic   | 4 10 | 10.1
Fighting       | 3 |  3.2
Short Blades   | |  1.0
Dodging        | |  1.5
Spellcasting   | |  2.0

Action                   |  1- 3 |  4- 6 |  7- 9 || total
-------------------------+-------+-------+-------++-------
Melee: Dagger            |    49 |    77 |    85 ||   211
       Punch             |       |     1 |       ||     1
 Cast: Confusing Touch   |     1 |     2 |     2 ||     5
       Ensorcelled Hiber |       |    16 |    23 ||    39
       Olgreb's Toxic Ra |       |       |    13 ||    13
Invok: Bend Space        |       |       |     6 ||     6
 Abil: Spit Poison       |    16 |    20 |    36 ||    72
Evoke: Wand              |       |     4 |       ||     4
  Use: Potion            |       |       |     1 ||     1
       Scroll            |       |       |     1 ||     1
 Stab: Sleeping          |     5 |    22 |    14 ||    41
       Confused          |       |     1 |     2 ||     3
Armor: Robe              |    12 |    16 |       ||    28
       Leather armour    |       |     3 |    15 ||    18
Dodge: Dodged            |    30 |    36 |    35 ||   101

Table legend: (Time is in decaauts)
 A = Elapsed time spent in this place.
 B = Non-inter-level travel time spent in this place.
 C = Inter-level travel time spent in this place.
 D = Time resting spent in this place.
 E = Time spent auto-exploring this place.
 F = Levels seen in this place.
 G = Mean time per level.
                   A        B        C        D        E       F      G
               +--------+--------+--------+--------+--------+-----+--------+
         Total |   9319 |   8675 |    644 |    476 |   7044 |   7 | 1331.3 |
       Dungeon |   9319 |   8675 |    644 |    476 |   7044 |   7 | 1331.3 |
               +--------+--------+--------+--------+--------+-----+--------+

Top non-repeatable levels by time:
     D:6: 2267 daAuts
     D:5: 1832 daAuts
     D:4: 1350 daAuts
     D:1: 1314 daAuts
     D:3: 1288 daAuts
     D:2: 1079 daAuts
     D:7: 187 daAuts
